 Dungeon Crawl Stone Soup version 0.30-a0-578-gdee14c521f (webtiles) character file.

Game seed: 14289837077362587156

2263 cforsyth the Fighter (level 9, -16/81 HPs)
             Began as a Ghoul Monk on Dec 31, 2022.
             Killed from afar by an acid dragon (21 damage)
             ... with a splash of acid
             ... on level 6 of the Dungeon.
             The game lasted 00:08:47 (6707 turns).

cforsyth the Fighter (Ghoul Monk)                   Turns: 6707, Time: 00:08:48

Health: -16/81     AC:  9    Str: 19    XL:     9   Next: 38%
Magic:  8/8        EV:  8    Int:  5    God:
Gold:   291        SH:  0    Dex: 11    Spells: 8/8 levels left

rFire   + . .      SeeInvis .      - Unarmed
rCold   + + .      Faith    .    (no shield)
rNeg    + + +      Spirit   .    o - +0 chain mail
rPois   ∞          Reflect  .    (no helmet)
rElec   .          Harm     .    (no cloak)
rCorr   .          Rampage  .    h - +2 pair of gloves
Will    .....                    (no boots) Stlth
                                 (no amulet)
HPRegen 0.00/turn                s - ring of protection from cold
MPRegen 0.11/turn                w - ring of protection from fire

@: mighty, corroded, inhibited regen, hasted, very quick
A: claws 1, cold resistance 1, negative energy resistance 3, inhibited
regeneration, torment resistance 2, devour on kill
a: no special abilities


You were on level 6 of the Dungeon.
You visited 1 branch of the dungeon, and saw 6 of its levels.
You also visited: Sewer.

You collected 291 gold pieces.

Inventory:

Missiles
 y - 2 throwing nets (quivered)
Armour
 h - a +2 pair of gloves (worn)
 o - a +0 chain mail (worn)
 v - a +0 kite shield
Jewellery
 s - a ring of protection from cold (left hand)
 w - a ring of protection from fire (right hand)
Scrolls
 a - 2 scrolls of enchant weapon {unknown}
 c - 2 scrolls of enchant armour {unknown}
 d - a scroll of teleportation {unknown}
 f - 2 scrolls of vulnerability {unknown}
 i - 2 scrolls of fear
 j - a scroll of immolation {unknown}
 l - a scroll of amnesia {unknown}
 m - a scroll of noise {unknown}
 q - 2 scrolls of blinking {unknown}
 t - 5 scrolls of identify {unknown}
Potions
 b - a potion of ambrosia
 e - a potion of invisibility {unknown}
 g - 3 potions of haste
 k - 3 potions of might
 n - 2 potions of mutation
 r - 2 potions of heal wounds {unknown}
 u - a potion of berserk rage {unknown}
 x - a potion of brilliance {unknown}


   Skills:
 + Level 8.1 Fighting
 + Level 6.0 Armour
 - Level 2.6 Dodging
 - Level 2.1 Stealth
 + Level 3.0 Shields
 + Level 8.1 Unarmed Combat


You had 8 spell levels left.
You didn't know any spells.
Your spell library contained the following spells:

 Spells                   Type           Power      Damage    Failure   Level
 Kiss of Death            Conj/Necr      0%         2d5       99%         1
 Shock                    Conj/Air       0%         1d3       99%         1
 Confusing Touch          Hex            0%         N/A       100%        3
 Swiftness                Air            0%         N/A       100%        3
 Airstrike                Air            0%         2d(0-16)  100%        4
 Animate Dead             Necr           0%         N/A       100%        4
 Dispel Undead            Necr           0%         3d6       100%        4
 Manifold Assault         Tloc           0%         N/A       100%        4
 Borgnjor's Vile Clutch   Necr/Erth      0%         N/A       100%        5
 Death Channel            Necr           0%         N/A       100%        6
 Dispersal                Tloc           0%         N/A       100%        6
 Disjunction              Tloc           0%         N/A       100%        8


Dungeon Overview and Level Annotations

Branches:
Dungeon (6/15)              Sewer (visited)
 Temple: D:4-7

Altars:
Gozag
Hepliaklqana
Makhleb
Nemelex Xobeh
Qazlal
Sif Muna
Uskayaw
Wu Jian
Xom

Annotations:
D:6 4 runed translucent doors


Innate Abilities, Weirdness & Mutations

You are immune to poison.
You have sharp fingernails.
Your flesh is cold resistant. (rC+)
You are immune to negative energy. (rN+++)
You do not regenerate when monsters are visible.
You are immune to unholy pain and torment.
You thrive by killing the living.


Message History

You are too injured to fight recklessly!
You are too injured to fight recklessly!
You are too injured to fight recklessly!
You are too injured to fight recklessly!
You are too injured to fight recklessly!
You are too injured to fight recklessly!
You are too injured to fight recklessly!
You are too injured to fight recklessly!
You are too injured to fight recklessly!
You are too injured to fight recklessly!
You hit the white imp.
You kill the white imp!
Your Armour skill increases to level 6!
You punch the acid dragon!
The acid dragon is moderately wounded.
The acid dragon bites you!
The acid dragon claws you but does no damage.
You hit the acid dragon but do no damage.
The acid dragon is moderately wounded.
You closely miss the acid dragon.
The acid dragon is moderately wounded.
The acid dragon spits acid at you. The splash of acid hits you!!
* * * LOW HITPOINT WARNING * * *
The acid corrodes you!
You feel better. The acid dragon bites you.
* * * LOW HITPOINT WARNING * * *
The acid dragon claws you but does no damage.
Unknown command.
You feel yourself speed up. The acid dragon barely misses you.
The acid dragon claws you but does no damage.
You feel very mighty all of a sudden. The acid dragon bites you!
* * * LOW HITPOINT WARNING * * *
The acid dragon barely misses you.
You hit the acid dragon. You punch the acid dragon.
The acid dragon is heavily wounded.
The acid dragon spits acid at you. The splash of acid hits you!!
You die...

........## #8....8#.#
.....##..# #(....:#.##
.........# #:....!#...
.######.## #8./..8#...
#######...#.
#######8..8##...
..........#.
#.#.'.##++##(...
#######...#.
#..#...........
#...#D####.#.######....
#####.†)##@..†##.# #....
.........######..# #.<..
####............#######....
#..........####.........
#..........# #.......##
#..........# #.......#
...########## #.......#
.... #.......## ....
#)...<..'.


You could see an acid dragon (catching breath).

Vanquished Creatures
  A steam dragon (D:6)
  A water moccasin (D:6)
  Pargi (Sewer)
  A sky beast (D:6)
  An ice beast (D:5)
  3 ogres
  3 phantoms (D:5)
  A kobold brigand (Sewer)
  A gnoll sergeant (D:5)
  4 scorpions
  6 necrophages
  A hound (D:6)
  2 orc priests
  2 jellies
  Jessica (D:3)
  An iguana (D:5)
  5 orc wizards
  Robin (D:2)
  11 adders
  2 white imps
  An ufetubus (D:4)
  5 worms
  15 orcs
  7 ball pythons
  6 endoplasms
  4 giant cockroaches
  18 goblins
  13 hobgoblins
  7 kobolds
  5 quokkas
  2 bats
  3 frilled lizards
  5 rats (D:3)
140 creatures vanquished.

Vanquished Creatures (others)
  An orc wizard (D:6)
  5 toadstools (D:1)
6 creatures vanquished.

Grand Total: 146 creatures vanquished

Notes
Turn   | Place    | Note
-------+----------+-------------------------------------------
     0 | D:1      | cforsyth the Ghoul Monk began the quest for the Orb.
     0 | D:1      | Reached XP level 1. HP: 19/19 MP: 0/0
   115 | D:1      | Reached XP level 2. HP: 26/26 MP: 1/1
   470 | D:1      | Reached skill level 1 in Armour
   479 | D:1      | Reached XP level 3. HP: 28/33 MP: 2/2
   982 | D:2      | Reached XP level 4. HP: 36/40 MP: 3/3
  1171 | D:2      | Noticed Robin
  1183 | D:2      | Killed Robin
  1528 | D:2      | Reached XP level 5. HP: 43/47 MP: 4/4
  2060 | D:3      | Found a glowing drain.
  2064 | Sewer    | Entered a sewer
  2147 | Sewer    | Noticed Pargi
  2163 | Sewer    | Killed Pargi
  2164 | Sewer    | Reached skill level 5 in Fighting
  2164 | Sewer    | Reached XP level 6. HP: 44/56 MP: 5/5
  2222 | Sewer    | Reached skill level 5 in Unarmed Combat
  2647 | D:3      | Noticed Jessica
  2657 | D:3      | Killed Jessica
  3588 | D:4      | Reached XP level 7. HP: 55/61 MP: 6/6
  4218 | D:5      | Entered Level 5 of the Dungeon
  4589 | D:5      | Reached XP level 8. HP: 56/71 MP: 7/7
  5321 | D:5      | Reached skill level 5 in Armour
  5397 | D:5      | Reached skill level 1 in Shields
  5804 | D:5      | Found an ornate altar of the Wu Jian Council.
  5804 | D:5      | Found a shimmering blue altar of Sif Muna.
  5804 | D:5      | Found a burning altar of Makhleb.
  5809 | D:5      | Found a stormy altar of Qazlal.
  5819 | D:5      | Found a hazy altar of Hepliaklqana.
  5820 | D:5      | Found a shimmering altar of Xom.
  5822 | D:5      | Found an opulent altar of Gozag.
  5826 | D:5      | Found a hide-covered altar of Uskayaw.
  5827 | D:5      | Found a sparkling altar of Nemelex Xobeh.
  6119 | D:6      | Found a large runed translucent door.
  6119 | D:6      | Found a large runed translucent door.
  6135 | D:6      | Found a large runed translucent door.
  6135 | D:6      | Found a large runed translucent door.
  6136 | D:6      | Noticed a two-headed ogre
  6147 | D:6      | Reached XP level 9. HP: 77/79 MP: 8/8
  6439 | D:6      | HP: 2/80 [sky beast (6)]
  6707 | D:6      | Killed from afar by an acid dragon

Illustrated notes

Levels and vault maps discovered:
D:1:      ldierk_walled_garden, layout_loops_cross
D:2:      layout_basic, serial_park_tiny_1, uniq_robin
D:3:      layout_basic, gup_sewer_entry_spiral, bh_walls_and_bars, uniq_jessica
D:4:      layout_basic, grunt_ministairs_10, hangedman_abyss_or_decor_stagger
D:5:      minmay_inner_zag, layout_basic, nicolae_overflow_hallway_of_the_gods
D:6:      layout_basic, minmay_hollow_rounded_squares

Skill      XL: |  1  2  3  4  5  6  7  8  9 |
---------------+----------------------------+-----
Armour         | 1 2 3 4 5 6 |  6.0
Fighting       | 4 5 6 7 8 |  8.1
Unarmed Combat | 4 5 6 7 8 |  8.1
Shields        | 2 3 |  3.0
Dodging        | |  2.6
Stealth        | |  2.1

Action                   |  1- 3 |  4- 6 |  7- 9 || total
-------------------------+-------+-------+-------++-------
Melee: Unarmed           |    99 |   303 |   338 ||   740
       Punch             |     3 |     7 |    18 ||    28
Evoke: Wand              |       |     1 |       ||     1
  Use: Potion            |       |     2 |     7 ||     9
       Scroll            |       |     1 |       ||     1
Armor: Scale mail        |    38 |    66 |       ||   104
       Chain mail        |       |   137 |   142 ||   279
Dodge: Dodged            |    45 |   123 |    76 ||   244

Table legend: (Time is in decaauts)
 A = Elapsed time spent in this place.
 B = Non-inter-level travel time spent in this place.
 C = Inter-level travel time spent in this place.
 D = Time resting spent in this place.
 E = Time spent auto-exploring this place.
 F = Levels seen in this place.
 G = Mean time per level.
                   A        B        C        D        E       F      G
               +--------+--------+--------+--------+--------+-----+--------+
         Total |   6655 |   6434 |    221 |    280 |   4768 |   7 |  950.7 |
       Dungeon |   6324 |   6103 |    221 |    280 |   4552 |   6 | 1054.0 |
         Sewer |    331 |    331 |      0 |      0 |    216 |   1 |  331.0 |
               +--------+--------+--------+--------+--------+-----+--------+

Top non-repeatable levels by time:
     D:5: 1628 daAuts
     D:3: 1302 daAuts
     D:2: 1041 daAuts
     D:4: 851 daAuts
     D:1: 819 daAuts
     D:6: 682 daAuts
   Sewer: 331 daAuts
